 Dungeon Crawl Stone Soup version 0.31-a0-240-gb923e448b6 (webtiles) character file.

Game seed: 1811369006292222975

319 qw the Shooter (level 6, -13/52 HPs)
             Began as a Minotaur Hexslinger on July 11, 2023.
             Mangled by Edmund
             ... wielding a +0 heavy dire flail
              (21 damage)
             ... on level 5 of the Dungeon.
             The game lasted 00:01:35 (3654 turns).

qw the Shooter (Minotaur Hexslinger)                Turns: 3654, Time: 00:01:35

Health: -13/52     AC: 12    Str: 12    XL:     6   Next: 21%
Magic:  6/6        EV: 11    Int: 10    God:
Gold:   302        SH:  0    Dex: 15    Spells: 6/7 levels left

rFire   . . .        Y - +1 sling
rCold   . . .        (no shield)
rNeg    . . .        g - +0 ring mail
rPois   .            (helmet restricted)
rElec   .            (no cloak)
rCorr   .            f - +2 pair of gloves
SInv    .            (no boots)
Will    .....        (no amulet)
Stlth   +            j - +4 ring of protection
HPRegen 0.28/turn    (no ring)
MPRegen 0.10/turn

%: no passive effects
@: no status effects
A: horns 2, retaliatory headbutt
a: no special abilities


You were on level 5 of the Dungeon.
You visited 2 branches of the dungeon, and saw 6 of its levels.
You also visited: Sewer.

You collected 302 gold pieces.


Innate Abilities, Weirdness & Mutations

You have a pair of horns on your head.
You reflexively headbutt those who attack you in melee.


   Skills:
 - Level 4.2 Fighting
 + Level 6.0 Ranged Weapons
 - Level 1.0 Armour
 - Level 2.1 Dodging
 - Level 1.0 Spellcasting
 - Level 2.0 Hexes


You had 6 spell levels left.
You knew the following spells:

 Your Spells              Type           Power      Damage    Failure   Level
a - Slow                  Hex            16%        N/A       34%         1

Your spell library contained the following spells:

 Spells                   Type           Power      Damage    Failure   Level
 Inner Flame              Hex/Fire       2%         N/A       83%         3
 Portal Projectile        Hex/Tloc       4%         N/A       83%         3
 Cause Fear               Hex            2%         N/A       98%         4

Inventory:

Hand Weapons
 Y - a +1 sling (weapon)
Armour
 f - a +2 pair of gloves (worn)
 g - a +0 ring mail (worn)
Jewellery
 j - a +4 ring of protection (left hand)
Scrolls
 k - a scroll of identify
 m - a scroll of enchant armour
Potions
 b - a potion of heal wounds {unknown}
 d - a potion of curing {unknown}
 e - 4 potions of enlightenment
 h - 2 potions of haste
 i - a potion of attraction {unknown}

Dungeon Overview and Level Annotations

Branches:
Dungeon (5/15)             Temple (1/1) D:4           Sewer (visited)

Altars:
Dithmenos
Gozag
Hepliaklqana
Nemelex Xobeh
Okawaru
Qazlal
Sif Muna
Trog
Uskayaw
Vehumet
Zin

Annotations:
D:5 Edmund


Message History

You shoot a sling bullet. The sling bullet barely misses Edmund.
Edmund hits you with a +0 heavy dire flail!
You shoot a sling bullet. The sling bullet barely misses Edmund.
Edmund barely misses you.
You shoot a sling bullet.
The sling bullet hits Edmund but does no damage.
Edmund is lightly wounded.
You shoot a sling bullet. The sling bullet barely misses Edmund.
Edmund hits you with a +0 heavy dire flail!
You shoot a sling bullet.
The sling bullet hits Edmund but does no damage.
Edmund is lightly wounded.
Edmund barely misses you.
You shoot a sling bullet.
The sling bullet hits Edmund but does no damage.
Edmund is lightly wounded.
Edmund misses you. You furiously retaliate!
You headbutt Edmund, but do no damage. You shoot a sling bullet.
The sling bullet hits Edmund but does no damage.
Edmund is lightly wounded.
Edmund closely misses you.
You shoot a sling bullet. The sling bullet hits Edmund.
Edmund is moderately wounded.
You shoot a sling bullet. The sling bullet hits Edmund!
Edmund is heavily wounded.
Edmund hits you with a +0 heavy dire flail.
You shoot a sling bullet.
The sling bullet hits Edmund but does no damage.
Edmund is heavily wounded.
Edmund hits you with a +0 heavy dire flail!
You shoot a sling bullet. The sling bullet barely misses Edmund.
Edmund hits you with a +0 heavy dire flail.
You shoot a sling bullet. The sling bullet hits Edmund.
Edmund is heavily wounded.
Edmund barely misses you. You furiously retaliate!
You headbutt Edmund! You shoot a sling bullet. The sling bullet hits Edmund.
Edmund is severely wounded.
Edmund hits you with a +0 heavy dire flail!!
You die...

#.##.#.#......
######.#.......#. .
#......#.7...7.....
#######.#. .#....7
. ##># #.#.7...7...
#8... #.#.......#.
#.... #.##.#.#....
#8.... #.##.@...7
##.... #...@.7
#8... #.##.....7
####.#.#..?.
.......#. .7...7..
.. .#.. .7 .. ...7.
. ... ## ..#


You could see Edmund.

Vanquished Creatures
  A hound (D:5)
  An iguana (D:4)
  An orc wizard (D:4)
  A gnoll (D:4)
  7 adders
  5 river rats
  5 worms
  A dart slug (D:2)
  6 orcs
  5 bats
  4 endoplasms
  6 giant cockroaches
  7 goblins
  6 hobgoblins
  8 jackals
  4 kobolds
  12 quokkas
  14 ball pythons
  2 frilled lizards
  8 rats
104 creatures vanquished.

Notes
Turn   | Place    | Note
-------+----------+-------------------------------------------
     0 | D:1      | qw the Minotaur Hexslinger began the quest for the Orb.
     0 | D:1      | Reached XP level 1. HP: 16/16 MP: 1/1
     0 | D:1      | 0 ||| qw: Version: 0.3-a-52-g30416fa
     0 | D:1      | 0 ||| qw: Game counter: 6065
     0 | D:1      | 0 ||| qw: Melee chars always use a shield: true
     0 | D:1      | 0 ||| qw: God list: Okawaru
     0 | D:1      | 0 ||| qw: Allow faded altars: false
     0 | D:1      | 0 ||| qw: Do Orc after clearing Dungeon:15 true
     0 | D:1      | 0 ||| qw: Do second Lair branch before Depths: true
     0 | D:1      | 0 ||| qw: Lair rune preference: random
     0 | D:1      | 0 ||| qw: Goals: Normal
     0 | D:1      | 0 ||| PLANNING D:1-11
   222 | D:1      | Reached skill level 3 in Ranged Weapons
   457 | D:1      | Reached XP level 2. HP: 19/23 MP: 2/2
   858 | D:1      | 858 ||| DROPPING scroll of poison.
  1013 | D:2      | Reached XP level 3. HP: 29/29 MP: 3/3
  1344 | D:2      | 1344 ||| UPGRADING to +2 pair of gloves.
  1349 | D:2      | 1349 ||| UPGRADING to +0 ring mail.
  1359 | D:2      | 1359 ||| DROPPING +0 robe.
  1360 | D:2      | 1360 ||| UPGRADING to +4 ring of protection.
  1361 | D:2      | 1361 ||| READING 2 scrolls labelled ESAIPN HYOCS.
  1362 | D:2      | 1362 ||| READING scroll labelled REB LOAHIL.
  1363 | D:2      | 1363 ||| DROPPING scroll of immolation.
  1464 | D:3      | Identified the +0 plate armour of Decompression {rPois rN+
                  | Slay-4}
  1479 | D:3      | Reached skill level 4 in Ranged Weapons
  1503 | D:3      | 1503 ||| Stepping ~*~*~tactically~*~*~ (outnumbered).
  1580 | D:3      | Identified the +0 glaive of the Tooth {holy, rF- Dex+6}
  1693 | D:3      | Reached skill level 1 in Armour
  1769 | D:3      | Reached XP level 4. HP: 36/36 MP: 4/4
  2068 | D:3      | 2068 ||| READING 2 scrolls labelled CEPSEU TATH.
  2071 | D:3      | 2071 ||| READING scroll labelled BESACU HIGOOJU.
  2093 | D:4      | 2093 ||| PLANNING SEWER
  2161 | D:4      | Found a glowing drain.
  2176 | D:4      | Reached skill level 5 in Ranged Weapons
  2185 | Sewer    | Entered a sewer
  2210 | Sewer    | 2210 ||| Stepping ~*~*~tactically~*~*~ (water).
  2234 | Sewer    | Reached XP level 5. HP: 42/44 MP: 5/5
  2282 | Sewer    | 2282 ||| Stepping ~*~*~tactically~*~*~ (water).
  2318 | Sewer    | Reached skill level 3 in Fighting
  2321 | Sewer    | 2321 ||| Stepping ~*~*~tactically~*~*~ (water).
  2350 | Sewer    | 2350 ||| Stepping ~*~*~tactically~*~*~ (water).
  2568 | Sewer    | 2568 ||| Stepping ~*~*~tactically~*~*~ (water).
  2770 | Sewer    | 2770 ||| READING scroll labelled NEOMAO NUHY.
  2771 | Sewer    | 2771 ||| READING scroll labelled UTE KARHAUSIPN.
  2772 | Sewer    | 2772 ||| READING 2 scrolls labelled VAGO FUDID.
  2773 | Sewer    | 2773 ||| DRINKING 3 sapphire potions.
  2774 | Sewer    | 2774 ||| DROPPING potion of degeneration.
  2797 | D:4      | 2797 ||| PLANNING D:1-11
  2848 | D:4      | Reached skill level 6 in Ranged Weapons
  2910 | D:4      | Found a staircase to the Ecumenical Temple.
  2911 | D:4      | 2911 ||| PLANNING TEMPLE
  2916 | D:4      | Reached XP level 6. HP: 52/52 MP: 6/6
  2924 | Temple   | Entered the Ecumenical Temple
  3019 | Temple   | 3019 ||| PLANNING D:1-11
  3409 | D:4      | 3409 ||| DROPPING +6 ring of intelligence.
  3410 | D:4      | 3410 ||| READING scroll labelled SAZ OKHLITHROYRI.
  3414 | D:5      | Entered Level 5 of the Dungeon
  3422 | D:5      | Found an iron altar of Okawaru.
  3423 | D:5      | 3423 ||| PLANNING OKAWARU WORSHIP
  3446 | D:5      | Noticed a water moccasin
  3447 | D:5      | Noticed a wyvern
  3465 | D:5      | HP: 13/52 [water moccasin (4)]
  3466 | D:5      | 3466 ||| READING scroll of teleportation.
  3470 | D:5      | HP: 12/52 [quokka (3)]
  3612 | D:5      | 3612 ||| PLANNING D:1-11
  3612 | D:5      | 3612 ||| Stepping randomly (stuck).
  3637 | D:5      | Noticed Edmund
  3651 | D:5      | HP: 10/52 [Edmund/+0 heavy dire flail (15)]
  3654 | D:5      | Mangled by Edmund

Levels and vault maps discovered:
D:1:      dpeg_arrival_rooms_a, layout_basic
D:2:      layout_rooms, minmay_pentomino_x4
D:3:      layout_basic
D:4:      layout_loops_ring, minmay_temple_entry_poolview, portal_sewer_entry_c,
          kennysheep_generic_room_7
D:5:      layout_loops_ring, mainiacjoe_overflow_tiny_flanked,
          mainiacjoe_overflow_alcove_4, nicolae_overflow_hidden_temple,
          okawaru_trees_1, grunt_temple_overflow_diamond, grunt_ministairs_7,
          minivault_19, nicolae_kite_square_tiling_tiny, uniq_edmund
Temple:   hellmonk_temple_beads

Skill      XL: |  1  2  3  4  5  6 |
---------------+-------------------+-----
Ranged Weapons | 3 4 5 6 |  6.0
Fighting       | 2 3 4 |  4.2
Armour         | 1 |  1.0
Dodging        | |  2.1
Spellcasting   | |  1.0
Hexes          | |  2.0

Action                     |  1- 3 |  4- 6 || total
---------------------------+-------+-------++-------
   Fire: Sling             |   128 |   234 ||   362
    Use: Scroll            |     2 |     7 ||     9
         Potion            |       |     1 ||     1
 Armour: Robe              |     4 |       ||     4
         Ring mail         |    12 |    73 ||    85
  Dodge: Dodged            |    35 |    93 ||   128

Table legend:
 A = Non-vault XP
 B = Vault XP
 C = Vault XP percentage of total XP
 D = Non-vault monster count
 E = Vault monster count
 F = Vault count percentage of total count
                 A         B        C        D         E       F
            +---------+---------+-------+---------+---------+-------
      Total |     275 |     182 |  39.8 |      67 |      37 |  35.6
            +---------+---------+-------+---------+---------+-------
        D:1 |      21 |       0 |   0.0 |      13 |       0 |   0.0
        D:2 |      33 |       5 |  13.2 |      15 |       3 |  16.7
        D:3 |      49 |       0 |   0.0 |      20 |       0 |   0.0
        D:4 |     119 |      35 |  22.7 |      14 |       8 |  36.4
        D:5 |      53 |       0 |   0.0 |       5 |       0 |   0.0
      Sewer |       0 |     142 | 100.0 |       0 |      26 | 100.0
            +---------+---------+-------+---------+---------+-------
